 Dungeon Crawl Stone Soup version 0.30-a0-845-g7c6808c8ce (webtiles) character file.

Game seed: 16059178849123828893

44 demibob the Chopper (level 3, -8/26 HPs)
             Began as a Demonspawn Wanderer on Mar 2, 2023.
             Was a Follower of Cheibriados.
             Mangled by a worm (10 damage)
             ... on level 2 of the Dungeon.
             The game lasted 00:01:17 (1313 turns).

demibob the Chopper (Demonspawn Wanderer)           Turns: 1313, Time: 00:01:18

Health: -8/26      AC:  2    Str: 13    XL:     3   Next: 41%
Magic:  4/4        EV: 11    Int: 18    God:    Cheibriados [*.....]
Gold:   43         SH:  0    Dex: 17    Spells: 1/4 levels left

rFire   . . .      SeeInvis .    a - +3 hand axe
rCold   . . .      Faith    .    (no shield)
rNeg    . . .      Spirit   .    c - +0 robe
rPois   .          Reflect  .    (no helmet)
rElec   .          Rampage  .    (no cloak)
rCorr   .                        (no gloves)
Will    .....                    (no boots)
Stlth   ++                       (no amulet)
HPRegen 0.24/turn                (no ring)
MPRegen 0.09/turn                (no ring)

@: very slow
A: sturdy frame 1
a: Renounce Religion, Bend Time


You were on level 2 of the Dungeon.
You worshipped Cheibriados.
Cheibriados was aware of your devotion.
You visited 1 branch of the dungeon, and saw 2 of its levels.

You collected 43 gold pieces.


Innate Abilities, Weirdness & Mutations

Your movements are slightly less encumbered by armour. (ER -2)


   Skills:
 - Level 1.0 Fighting
 + Level 5.4 Axes
 - Level 1.0 Armour
 - Level 1.0 Spellcasting
 - Level 2.0 Summonings
 + Level 0.6 Transmutations


You had one spell level left.
You knew the following spells:

 Your Spells              Type           Power      Damage    Failure   Level
w - Wereblood             Tmut           3%         N/A       24%         2
z - Summon Small Mammal   Summ           32%        N/A       9%          1

Your spell library contained the following spells:

 Spells                   Type           Power      Damage    Failure   Level
 Call Canine Familiar     Summ           8%         N/A       26%         3
 Sublimation of Blood     Necr           0%         N/A       30%         2
 Olgreb's Toxic Radiance  Pois           0%         N/A       89%         4
 Ozocubu's Refrigeration  Ice            0%         4d7       100%        7
 Summon Hydra             Summ           4%         N/A       100%        7
 Ignition                 Fire           0%         3d3       100%        8

Inventory:

Hand Weapons
 a - a +3 hand axe (weapon)
Armour
 c - a +0 robe (worn)
 e - a scarf of invisibility
 l - a +0 pair of boots
Scrolls
 b - a scroll of summoning
 d - a scroll of silence {unknown}
 h - a scroll of teleportation {unknown}
 i - a scroll of vulnerability {unknown}
 j - a scroll of identify {unknown}
 k - a scroll of noise {unknown}
Potions
 f - a potion of heal wounds {unknown}
 g - a potion of ambrosia {unknown}

Dungeon Overview and Level Annotations

Branches:
Dungeon (2/15)

Altars:
Cheibriados

Annotations:
D:1 2 transporters

..######## #...#
.........# #.#.#
.........# ###.#.#
.........####.#.#.#
.########...#...#.#
.# #.†.....#.# ##
#...###.#.#
###.###.#.#
#.....@.# #####w###
.... ...... ###.#.
#... # .! #.


You could see a worm.


Message History

No target in view!
No target in view!
No target in view!
No target in view!
No target in view!
No target in view!
No target in view!
No target in view!
No target in view!
You see here a ball python corpse.
A worm comes into view.
A worm is nearby!
An adder comes into view.
Found a brown potion.
The worm bites you!
You slash the worm!
The worm is heavily wounded.
The worm bites you.
* * * LOW HITPOINT WARNING * * *
You are too injured to fight recklessly!
You are too injured to fight recklessly!
You hit the worm.
The worm is heavily wounded.
You hit the worm but do no damage.
The worm is heavily wounded.
The worm bites you!
* * * LOW HITPOINT WARNING * * *
You hit the worm.
The worm is severely wounded.
The worm bites you!
You die...

Skill      XL: |  1  2 |
---------------+-------+-----
Axes           | 5 |  5.4
Fighting       | |  1.0
Armour         | |  1.0
Spellcasting   | |  1.0
Summonings     | |  2.0
Transmutations | |  0.6

Action                     || total
---------------------------++-------
  Melee: Hand axe          ||    80
         Punch             ||     1
   Stab: Sleeping          ||     1
 Armour: Robe              ||    24
  Dodge: Dodged            ||    40

Levels and vault maps discovered:
D:1:      spicycebolla_arrival_transporter_tutorial, layout_basic,
          dreamdust_ecumenical_altar_drowned_temple, minmay_misc_feat_room
D:2:      layout_basic

Notes
Turn   | Place    | Note
-------+----------+-------------------------------------------
     0 | D:1      | demibob the Demonspawn Wanderer began the quest for the
                  | Orb.
     0 | D:1      | demibob set off with the following items: a +3 hand axe, a
                  | scroll of summoning, a +0 robe; and the following spell
                  | memorised: Summon Small Mammal; and the following spells
                  | available to memorise: Call Canine Familiar.
     0 | D:1      | Reached XP level 1. HP: 15/15 MP: 2/2
   132 | D:1      | Gained mutation: Your movements are slightly less
                  | encumbered by armour. (ER -2) [demonic ancestry]
   132 | D:1      | Reached XP level 2. HP: 21/21 MP: 3/3
   169 | D:1      | Reached skill level 5 in Axes
   339 | D:1      | Found a faded altar of an unknown god.
   355 | D:1      | Prayed at the altar of an unknown god.
   355 | D:1      | Became a worshipper of Cheibriados the Contemplative
   355 | D:1      | Reached * piety under Cheibriados
   934 | D:1      | Reached XP level 3. HP: 25/26 MP: 4/4
  1063 | D:1      | Learned a level 2 spell: Wereblood
  1312 | D:2      | HP: 1/26 [worm (11)]
  1313 | D:2      | Mangled by a worm

Vanquished Creatures
  An adder (D:2)
  2 dart slugs (D:1)
  6 ball pythons
  An endoplasm (D:1)
  A giant cockroach (D:2)
  2 goblins (D:1)
  4 hobgoblins
  3 quokkas (D:1)
  5 bats (D:1)
  A frilled lizard (D:1)
  2 kobolds
  A rat (D:1)
  A spectral hobgoblin (D:1)
30 creatures vanquished.

Table legend: (Time is in decaauts)
 A = Elapsed time spent in this place.
 B = Non-inter-level travel time spent in this place.
 C = Inter-level travel time spent in this place.
 D = Time resting spent in this place.
 E = Time spent auto-exploring this place.
 F = Levels seen in this place.
 G = Mean time per level.
                   A        B        C        D        E       F      G
               +--------+--------+--------+--------+--------+-----+--------+
         Total |   1622 |   1544 |     78 |      2 |   1335 |   2 |  811.0 |
       Dungeon |   1622 |   1544 |     78 |      2 |   1335 |   2 |  811.0 |
               +--------+--------+--------+--------+--------+-----+--------+

Top non-repeatable levels by time:
     D:1: 1386 daAuts
     D:2: 236 daAuts

Table legend:
 A = Non-vault XP
 B = Vault XP
 C = Vault XP percentage of total XP
 D = Non-vault monster count
 E = Vault monster count
 F = Vault count percentage of total count
                 A         B        C        D         E       F
            +---------+---------+-------+---------+---------+-------
      Total |      63 |       1 |   1.6 |      29 |       1 |   3.3
            +---------+---------+-------+---------+---------+-------
        D:1 |      40 |       1 |   2.4 |      23 |       1 |   4.2
        D:2 |      23 |       0 |   0.0 |       6 |       0 |   0.0
            +---------+---------+-------+---------+---------+-------
